 Dungeon Crawl Stone Soup version 0.27.1 (webtiles) character file.

Game seed: 6213390512994171434

233 funkygono the Firebug (level 6, 0/32 HPs)
             Began as a Gargoyle Fire Elementalist on Aug 22, 2021.
             Slain by an iron imp (3 damage)
             ... summoned by Natasha
             ... on level 3 of the Dungeon.
             The game lasted 00:05:03 (3539 turns).

funkygono the Firebug (Gargoyle Fire Elementalist)  Turns: 3539, Time: 00:05:03

Health: 0/32       AC:  6    Str: 12    XL:     6   Next: 5%
Magic:  5/11       EV: 12    Int: 17    God:
Gold:   85         SH:  0    Dex: 10    Spells: 4/12 levels left

rFire    . . .     SeeInvis .   j - +0 whip
rCold    . . .     Faith    .   (no shield)
rNeg     + . .     Spirit   .   a - +0 robe
rPois    ∞         Reflect  .   (no helmet)
rElec    +         Harm     .   (no cloak)
rCorr    .         Rampage  .   (no gloves)
Will     .....                  (no boots)
Stlth    ++........             (no amulet)
HPRegen  0.10/turn              (no ring)
MPRegen  0.12/turn              (no ring)

@: very slightly contaminated, slowed, very slow
A: sickness immunity, AC +4, negative energy resistance 1, electricity
resistance, torment resistance 1, petrification resistance
a: no special abilities


You were on level 3 of the Dungeon.
You visited 1 branch of the dungeon, and saw 3 of its levels.

You collected 85 gold pieces.

Inventory:

Hand Weapons
 b - a +0 club
 j - a +0 whip (weapon)
 m - a +0 flail
Missiles
 c - 94 stones
Armour
 a - a +0 robe (worn)
Jewellery
 i - a +4 ring of protection
Scrolls
 f - a scroll of teleportation
 k - a scroll of fear {unknown}
Potions
 d - a potion of resistance {unknown}
 e - a potion of berserk rage {unknown}
 g - a potion of mutation {unknown}
 h - 2 potions of brilliance {unknown}
 l - a potion of heal wounds {unknown}


   Skills:
 + Level 0.2 Fighting
 + Level 0.1 Maces & Flails
 + Level 1.8 Dodging
 - Level 2.1 Stealth
 * Level 3.5 Spellcasting
 * Level 3.6 Conjurations
 * Level 4.2 Fire Magic


You had 4 spell levels left.
You knew the following spells:

 Your Spells              Type           Power      Damage    Failure   Level
a - Foxfire               Conj/Fire      64%        2x1d7     3%          1
b - Conjure Flame         Conj/Fire      16%        6-21      10%         3
c - Sticky Flame          Conj/Fire      16%        2d4       32%         4

Your spell library contained the following spells:

 Spells                   Type           Power      Damage    Failure   Level
 Inner Flame              Hex/Fire       10%        N/A       21%         3
 Fireball                 Conj/Fire      8%         3d6       65%         5


Dungeon Overview and Level Annotations

Branches:
Dungeon (3/15)

Altars:
Qazlal

Shops:
D:2 (

Annotations:
D:3 1 runed translucent door, DiogoH's ghost, amateur DrWz; Natasha


Innate Abilities, Weirdness & Mutations

You are immune to sickness and miasma.
Your stone body is resilient. (AC +4)
You are immune to poison.
You resist negative energy. (rN+)
You are resistant to electric shocks. (rElec)
You are resistant to unholy torment.
You are immune to petrification.


Message History

Confirm with . or Enter, or press ? or * to list all spells.
You miscast Foxfire.
You are very lightly contaminated with residual magic.
Nothing appears to happen.
The foxfire hits the iron imp but does no damage.
The foxfire hits Natasha.
Natasha is heavily wounded.
The foxfire hits the iron imp.
The iron imp completely resists.
The foxfire hits Natasha.
Natasha is heavily wounded.
Natasha barely misses you. Natasha claws you.
Casting: Foxfire (safe; 3% risk of failure)
Confirm with . or Enter, or press ? or * to list all spells.
You conjure some foxfire!
The iron imp hits you. Natasha claws you.
The iron imp hits you but does no damage.
Unknown command.
Casting: Foxfire (safe; 3% risk of failure)
Confirm with . or Enter, or press ? or * to list all spells.
You conjure some foxfire!
The foxfire hits the iron imp but does no damage.
The foxfire hits the iron imp.
The iron imp completely resists.
Natasha claws you but does no damage.
The crimson imp blinks!
Natasha claws you.
* * * LOW HITPOINT WARNING * * *
The iron imp barely misses you.
Casting: Foxfire (safe; 3% risk of failure)
Confirm with . or Enter, or press ? or * to list all spells.
You conjure some foxfire!
Natasha closely misses you. The iron imp barely misses you.
Unknown command.
Okay, then.
You hit Natasha.
Natasha is almost dead.
The foxfire hits the crimson imp.
The crimson imp completely resists.
The foxfire hits the crimson imp.
The crimson imp completely resists.
The foxfire hits the iron imp.
The iron imp completely resists.
Natasha claws you.
* * * LOW HITPOINT WARNING * * *
The iron imp hits you.
You die...

#.# #####.#### ##'##
#........# ##...##
#.###.##.# ##.....##
#.###.##.# #.......##
#.#.#.##.#
#.........###.....##.#
'.........'..........#
#.........###.5..5##.#
##.......## #...@h...#
##.....## ########.#
##...## #.# ##'# #h#
#. ##5# # #..# # ##.#
#'##.#..# #.......#


You could see an iron imp (summoned), Natasha and a crimson imp (summoned).

Vanquished Creatures
  A sky beast (D:3)
  Natasha (D:3)
  3 adders (D:3)
  A worm (D:2)
  3 dart slugs
  4 orcs (D:3)
  3 ball pythons (D:1)
  7 bats
  9 endoplasms
  8 giant cockroaches
  11 goblins
  4 hobgoblins
  A quokka (D:1)
  3 frilled lizards
  3 kobolds
  8 rats
70 creatures vanquished.

Vanquished Creatures (others)
  226 foxfires
  5 withered plants (D:1)
231 creatures vanquished.

Grand Total: 301 creatures vanquished

Notes
Turn   | Place    | Note
-------+----------+-------------------------------------------
     0 | D:1      | funkygono the Gargoyle Fire Elementalist began the quest
                  | for the Orb.
     0 | D:1      | Reached XP level 1. HP: 10/10 MP: 3/3
   210 | D:1      | Reached XP level 2. HP: 15/15 MP: 0/5
   292 | D:1      | Found a faded altar of an unknown god.
   887 | D:1      | Reached XP level 3. HP: 19/19 MP: 3/6
   891 | D:1      | Learned a level 3 spell: Conjure Flame
  1694 | D:2      | Found a stormy altar of Qazlal.
  2077 | D:2      | Reached XP level 4. HP: 19/24 MP: 3/7
  2082 | D:2      | Learned a level 4 spell: Sticky Flame
  2318 | D:2      | Found Cumiegavo's Antique Weapon Boutique.
  2714 | D:3      | Noticed a sky beast
  2736 | D:3      | Killed a sky beast
  2737 | D:3      | Reached skill level 4 in Fire Magic
  2737 | D:3      | Reached XP level 5. HP: 21/28 MP: 1/10
  2896 | D:3      | Noticed Natasha
  2902 | D:3      | Killed Natasha
  3325 | D:3      | Found a runed translucent door.
  3325 | D:3      | Noticed DiogoH's ghost (amateur DrWz)
  3472 | D:3      | Reached XP level 6. HP: 32/32 MP: 7/11
  3516 | D:3      | Noticed Natasha
  3539 | D:3      | Slain by an iron imp

Illustrated notes

Levels and vault maps discovered:
D:1:      psy_arrival_basics, layout_basic, ebering_ecumenical_altar_petrified,
          minmay_unequal
D:2:      layout_basic, serial_shops, nicolae_shop_statue_plus, basic_altar,
          minmay_worlds_worst_comb
D:3:      minmay_wonky_spiral, layout_loops_corners, gammafunk_ghost_grave,
          uniq_natasha

Skill      XL: |  1  2  3  4 |
---------------+-------------+-----
Conjurations   | 2 3 |  3.6
Spellcasting   | 3 |  3.5
Fire Magic     | 4 |  4.2
Fighting       | |  0.2
Maces & Flails | |  0.1
Dodging        | |  1.8
Stealth        | |  2.1

Action                   |  1- 3 |  4- 6 || total
-------------------------+-------+-------++-------
Melee: Unarmed           |     3 |       ||     3
       Club              |    26 |       ||    26
       Whip              |       |    19 ||    19
 Cast: Foxfire           |    84 |    51 ||   135
  Use: Scroll            |     1 |     1 ||     2
Armor: Robe              |    20 |    12 ||    32
Dodge: Dodged            |    34 |    18 ||    52
